 Dungeon Crawl Stone Soup version 0.20-a0-830-g2c9a30d (webtiles) character file.

270 4thArraOfDagon the Scratcher (level 6, -1/30 HPs)
             Began as a Felid Wanderer on Mar 6, 2017.
             Slain by a hippogriff (8 damage)
             ... on level 10 of the Dungeon.
             The game lasted 00:05:57 (886 turns).

4thArraOfDagon the Scratcher (Felid Wanderer)        Turns: 886, Time: 00:05:57

Health: -1/30      AC:  2    Str: 10    XL:     6   Next: 1%
Magic:  7/7        EV: 19    Int: 17    God:
Gold:   140        SH:  0    Dex: 16    Spells: 5/5 levels left
                                        Lives:  0   Deaths: 1

rFire    + . .     SeeInvis +     - Unarmed
rCold    . . .     Gourm    .   (armour unavailable)
rNeg     . . .     Faith    .   (shield unavailable)
rPois    .         Spirit   .   (helmet unavailable)
rElec    .         Reflect  .   (cloak unavailable)
rCorr    .         Harm     +   (gloves unavailable)
MR       .....                  (boots unavailable)
Stlth    +++.......             a - amulet of harm
Regen    0.1/turn               (no ring)
MPRegen  0.1/turn               e - ring of flight

@: quick
A: no armour, no weapons or thrown items, stealth, claws 1, fangs 3, see
invisible, agile 1, carnivore 3, fire resistance 1, speed 1, sense surroundings
1, robust 1, screaming 1, shaggy fur 2, slow metabolism 1, strong 1, sharp paws
a: Evoke Flight


You were on level 10 of the Dungeon.
You were not hungry.

You visited 1 branch of the dungeon, and saw 9 of its levels.

You collected 154 gold pieces.
You spent 14 gold pieces at shops.

Inventory:

Jewellery
 a - an amulet of harm (around neck)
 c - an uncursed amulet of magic regeneration
 e - a ring of flight (left paw)
Wands
 k - a wand of disintegration (7/24)
Scrolls
 b - 2 scrolls of blinking
 d - a scroll of teleportation
 l - a scroll of recharging
Potions
 g - a potion of curing
 h - a potion of degeneration
Comestibles
 f - 3 meat rations


   Skills:
 - Level 3.0 Fighting
 + Level 4.3 Dodging
 + Level 4.7 Stealth
 * Level 7.2 Unarmed Combat


You had 5 spell levels left.
You didn't know any spells.

Dungeon Overview and Level Annotations

Branches:
Dungeon (8/15)
 Temple: D:4-7         Lair: D:8-11

Altars:
Qazlal
Ru
Sif Muna

Shops:
D:5 !   D:8 }

Annotations:
D:3 Sigmund
D:4 azzavlup's ghost, novice MfSk
D:10 Sonja


Innate Abilities, Weirdness & Mutations

You cannot wear armour.
You are incapable of wielding weapons or throwing items.
Your paws allow you to move quietly. (Stealth)
You have sharp claws.
You have razor-sharp teeth.
You have supernaturally acute eyesight. (SInv)
You are carnivorous and can eat meat at any time.
You cover ground quickly.
You are covered in thick fur. (AC +2)
You have a slow metabolism.
Your sharp claws are effective at attacking unaware monsters.
You are agile. (Dex +2)
Your flesh is heat resistant. (rF+)
You passively map a small area around you.
You are robust. (+10% HP)
You occasionally shout uncontrollably at your foes.
Your muscles are strong. (Str +2)


Message History

Welcome back to level 6!
b - 2 scrolls of blinking (gained 1)
Found a paperback book.
Sonja, the Graceful Assassin comes into view.
She is wielding a dagger of draining.
Unknown command.
The ice beast hits you. The ice beast freezes you!
* * * LOW HITPOINT WARNING * * *
Unknown command.
Unknown command.
Unknown command.
Unknown command.
Evoke which item? (* to show all) (? for menu, Esc to quit)
Okay, then.
A hippogriff comes into view.
Unknown command.
Unknown command.
Unknown command.
The hippogriff screeches!
The hippogriff closely misses you. The hippogriff pecks you!
You die...

#...# #... .#
#####...#####.# ..# ,
*
..............###..###
* , ,
.........Y............
...............##....#
######...#####.......#
#...# #...>)..# #..>#
#.##.##.# #...#
#@#*,#* * *#...# #H# ,
,,....# #.# , , #....#
* ..., , * * #.###.
,### ,, * , ,,, * ** *
, * ,


You could see a hippogriff.

Vanquished Creatures
  A hungry ghost (D:10)
  A sky beast (D:4)
  A bullfrog (D:6)
  A crimson imp (D:5)
  An orc wizard (D:5)
  A worker ant (D:8)
  An adder (D:5)
  An ooze (D:3)
  3 orcs (D:5)
  A giant cockroach (D:5)
  6 goblins (D:4)
  A hobgoblin (D:3)
  3 jackals (D:7)
  2 quokkas
  2 kobolds (D:3)
  A quokka skeleton (D:7)
  3 rats (D:3)
30 creatures vanquished.

Notes
Turn   | Place    | Note
-------+----------+-------------------------------------------
     0 | D:1      | 4thArraOfDagon the Felid Wanderer began the quest for the Orb.
     0 | D:1      | 4thArraOfDagon set off with: a potion of heal wounds, a scroll of blinking, a potion of curing, a scroll of teleportation, a meat ration
     0 | D:1      | Reached XP level 1. HP: 10/10 MP: 2/2
    15 | D:1      | You fall through a shaft!
    52 | D:3      | Reached skill level 1 in Dodging
   130 | D:3      | Reached XP level 2. HP: 14/14 MP: 3/3
   150 | D:3      | Noticed Sigmund
   202 | D:4      | Noticed a sky beast
   215 | D:4      | Gained mutation: You passively map a small area around you. [potion of mutation]
   215 | D:4      | Gained mutation: You have a pair of small antennae on your head. [potion of mutation]
   222 | D:4      | Killed a sky beast
   222 | D:4      | Reached skill level 6 in Unarmed Combat
   222 | D:4      | Reached XP level 3. HP: 17/17 MP: 4/4
   222 | D:4      | Reached XP level 4. HP: 21/21 MP: 5/5
   225 | D:4      | Gained mutation: You are robust. (+10% HP) [mutagenic meat]
   226 | D:4      | Gained mutation: You occasionally shout uncontrollably at your foes. [mutagenic meat]
   227 | D:4      | Gained mutation: Your muscles are strong. (Str +2) [mutagenic meat]
   228 | D:4      | Gained mutation: You are agile. (Dex +2) [mutagenic meat]
   229 | D:4      | Gained mutation: Your flesh is heat resistant. (rF+) [mutagenic meat]
   230 | D:4      | Lost mutation: You have a pair of small antennae on your head. [mutagenic meat]
   270 | D:4      | Ultraviolent4: yesss
   325 | D:4      | Noticed azzavlup's ghost (novice MfSk)
   327 | D:4      | Noticed an ogre
   327 | D:4      | Noticed a bullfrog
   347 | D:5      | Entered Level 5 of the Dungeon
   373 | D:5      | Reached XP level 5. HP: 23/26 MP: 6/6
   396 | D:5      | Found Gofusur's Distillery.
   398 | D:5      | Bought a potion of degeneration for 14 gold pieces
   432 | D:6      | Found a stormy altar of Qazlal.
   592 | D:7      | Found a sacrificial altar of Ru.
   687 | D:8      | Found Tolop's Gadget Emporium.
   702 | D:8      | Noticed a steam dragon
   732 | D:8      | Gained mutation: You are covered in thick fur. (AC +2) [Felid growth]
   732 | D:8      | Reached XP level 6. HP: 27/30 MP: 7/7
   754 | D:8      | Noticed a wyvern
   778 | D:8      | Slain by a centaur
   779 | D:8      | Reached XP level 5. HP: 0/26 MP: 6/6
   779 | D:8      | Noticed a cyan ugly thing
   784 | D:8      | Noticed a two-headed ogre
   798 | D:8      | Found a deep blue altar of Sif Muna.
   837 | D:7      | You fall through a shaft for 3 floors!
   837 | D:10     | Entered Level 10 of the Dungeon
   838 | D:10     | DA
   838 | D:10     | Noticed a hungry ghost
   845 | D:10     | Noticed an ice beast
   846 | D:10     | Killed a hungry ghost
   846 | D:10     | Reached skill level 7 in Unarmed Combat
   846 | D:10     | Reached XP level 6. HP: 18/30 MP: 7/7
   867 | D:10     | Noticed Sonja
   882 | D:10     | Noticed a hippogriff
   886 | D:10     | Slain by a hippogriff

Vault maps used:
D:1:      saegor_arrival_simple_e
D:2:      first_bread, hangedman_decor_points, minmay_rat_hole
D:3:      grunt_dithmenos_smoke_and_mirrors, uniq_sigmund
D:4:      kennysheep_the_goblin_king, zin_treasury
D:5:      serial_shops, nicolae_shop_trees, nicolae_gozag_zags_fifth_avenue
D:6:      lemuel_castle_with_subvaults, grunt_qazlal_sundering,
          minmay_temple_entry_glass, serial_column_ruins, column_ruins_hut,
          column_ruins_hut, column_ruins_grid_3, column_ruins_columns_straight,
          column_ruins_grid_1, column_ruins_columns_straight,
          column_ruins_corridor_straight, minivault_22,
          minmay_misc_feat_enclosed, due_unseen_surprise
D:7:      nicolae_overflow_hidden_temple, nicolae_ru_the_path_less_chosen,
          makhleb_grotto_becter
D:8:      kennysheep_little_box, enter_ossuary_2, serial_shops, shop,
          basic_altar, uniq_prince_ribbit1, uniq_joseph
D:10:     uniq_nergalle, uniq_sonja

Skill      XL: |  1  2  3  4  5 |
---------------+----------------+-----
Dodging        | 1 3 4 |  4.3
Unarmed Combat | 6 7 |  7.2
Stealth        | 3 4 |  4.7
Fighting       | |  3.0

Action                   |  1- 3 |  4- 6 || total
-------------------------+-------+-------++-------
Melee: Unarmed           |    17 |    49 ||    66
       Bite              |       |     4 ||     4
  Use: Potion            |     3 |     2 ||     5
       Scroll            |     2 |     4 ||     6
 Stab: Sleeping          |     3 |     3 ||     6
  Eat: Chunk             |     2 |     8 ||    10
Armor: Skin              |       |     2 ||     2
Dodge: Dodged            |    10 |    31 ||    41
